 Dungeon Crawl Stone Soup version 0.21-a0-265-gb353147 (console) character file.

28 Mandevil the Sneak (level 3, -4/34 HPs)
             Began as a Naga Monk on Sept 11, 2017.
             Slain by a worm (10 damage)
             ... on level 2 of the Dungeon.
             The game lasted 00:03:58 (1061 turns).

Mandevil the Sneak (Naga Monk)                      Turns: 1061, Time: 00:03:59

Health: -4/34      AC:  5    Str: 16    XL:     3   Next: 14%
Magic:  3/3        EV:  8    Int: 10    God:
Gold:   81         SH:  0    Dex: 13    Spells: 2/2 levels left

rFire    . . .     SeeInvis +   a - +3 dagger (freeze)
rCold    . . .     Gourm    .   (no shield)
rNeg     . . .     Faith    .   i - +0 scale mail (curse)
rPois    +         Spirit   .   (no helmet)
rElec    .         Reflect  .   (no cloak)
rCorr    .         Harm     .   e - +0 pair of gloves
MR       .....                  (no barding)
Stlth    +.........             (no amulet)
HPRegen  0.11/turn              g - +2 ring of strength
MPRegen  0.08/turn              (no ring)

@: very slow
A: see invisible, deformed body, poison resistance, slowness 2, slow metabolism
1, spit poison 1, AC +1
a: Spit Poison


You were on level 2 of the Dungeon.
You were not hungry.

You visited 1 branch of the dungeon, and saw 2 of its levels.

You collected 81 gold pieces.

Inventory:

Hand Weapons
 a - a +3 dagger of freezing (weapon)
 f - a +1 spear
 k - a +1 dagger of pain
Missiles
 o - 11 poisoned needles
 s - 37 stones (quivered)
Armour
 b - a +0 robe
 e - a +0 pair of gloves (worn)
 h - a +0 chain mail
 i - a cursed +0 scale mail (worn)
Jewellery
 g - a +2 ring of strength (left hand)
Scrolls
 j - 2 scrolls of fear
 n - a scroll of teleportation
Potions
 d - a potion of heal wounds {unknown}
 m - 2 potions of degeneration {unknown}
Comestibles
 c - a bread ration
 l - a chunk of flesh


   Skills:
 - Level 3.0 Fighting
 + Level 3.6 Polearms
 - Level 2.4 Dodging
 + Level 4.3 Stealth


You had 2 spell levels left.
You didn't know any spells.

Dungeon Overview and Level Annotations

Branches:
Dungeon (2/15)

Altars:
Elyvilon
Yredelemnul


Innate Abilities, Weirdness & Mutations

You cannot wear boots.
Your serpentine skin is tough. (AC +1)
You have supernaturally acute eyesight. (SInv)
Armour fits poorly on your strangely shaped body.
Your system is resistant to poisons. (rPois)
You cover ground very slowly.
You have a slow metabolism.
You can spit poison.


Message History

The quokka barely misses you.
You completely miss the quokka.
The quokka is severely wounded.
The quokka barely misses you.
You barely miss the quokka.
The quokka is heavily wounded.
The quokka bites you.
* * * LOW HITPOINT WARNING * * *
Some of the chunks of flesh in your inventory have rotted away.
You hit the quokka. You freeze the quokka.
The quokka is almost dead.
The quokka barely misses you. The quokka completely misses you.
You barely miss the quokka.
The quokka is almost dead.
The quokka bites you.
* * * LOW HITPOINT WARNING * * *
You hit the quokka. You freeze the quokka.
You kill the quokka!
You completely miss the worm. The worm bites you!
You die...

...#########.#...##
..## #.##<## .##
#.##.# ## #.##.# #
#.##.###.# #
#........# # #
####.##### .# . #
#.#### #.#.. #
#.Nw.# #..... #
####(####..... #
#...(........ #
#.#%#.#.#.#.#. #
#.............
#...}.....}...
#......._......
#....}.....}...
#..............


You could see a worm.

Vanquished Creatures
  2 dart slugs (D:1)
  A giant cockroach (D:2)
  4 goblins
  3 hobgoblins
  A quokka (D:2)
  3 bats (D:1)
  2 frilled lizards
  4 kobolds
  5 rats
25 creatures vanquished.

Notes
Turn   | Place    | Note
-------+----------+-------------------------------------------
     0 | D:1      | Mandevil the Naga Monk began the quest for the Orb.
     0 | D:1      | Reached XP level 1. HP: 21/21 MP: 1/1
   369 | D:1      | Reached XP level 2. HP: 28/28 MP: 2/2
   626 | D:1      | Reached skill level 4 in Stealth
   919 | D:2      | Found a basalt altar of Yredelemnul.
   938 | D:2      | Reached XP level 3. HP: 31/34 MP: 3/3
  1015 | D:2      | Found a white marble altar of Elyvilon.
  1061 | D:2      | Slain by a worm

Vault maps used:
D:1:      minmay_arrival_three_doors, minivault_4
D:2:      elyvilon_altar_5, old_standard_altar

Skill      XL: |  1  2 |
---------------+-------+-----
Stealth        | 4 |  4.3
Fighting       | |  3.0
Polearms       | |  3.6
Dodging        | |  2.4

Action                   || total
-------------------------++-------
Melee: Spear             ||    34
       Dagger            ||    41
  Use: Scroll            ||     5
Armor: Scale mail        ||    24
Dodge: Dodged            ||    24

Table legend:
 A = Spawn XP
 B = Non-spawn XP
 C = Spawn XP percentage of total XP
 D = Spawn monster count
 E = Non-spawn monster count
 F = Spawn count percentage of total count
 G = Total turns spent on level
                    A         B        C        D         E        F      G
               +---------+---------+-------+---------+---------+-------+---------
         Total |       0 |      41 |   0.0 |       0 |      25 |   0.0 |  1061
               +---------+---------+-------+---------+---------+-------+---------
           D:1 |       0 |      29 |   0.0 |       0 |      16 |   0.0 |   854
           D:2 |       0 |      12 |   0.0 |       0 |       9 |   0.0 |   207
               +---------+---------+-------+---------+---------+-------+---------
